 Dungeon Crawl Stone Soup version 0.31.0-11-ge490571c62 (webtiles) character file.

Game seed: 11614958221805978922

91 qw the Shooter (level 4, -2/22 HPs)
             Began as a Spriggan Hunter on Feb 4, 2024.
             Killed from afar by an orc wizard (7 damage)
             ... with a magic dart
             ... on level 3 of the Dungeon.
             The game lasted 00:00:34 (1799 turns).

qw the Shooter (Spriggan Hunter)                    Turns: 1799, Time: 00:00:34

Health: -2/22      AC:  2    Str:  7    XL:     4   Next: 33%
Magic:  5/5        EV: 20    Int: 10    God:
Gold:   87         SH:  0    Dex: 20    Spells: 3/3 levels left

rFire   + . .        a - +0 shortbow
rCold   . . .        (shield currently unavailable)
rNeg    . . .        c - +0 robe
rPois   .            (helmet restricted)
rElec   .            (no cloak)
rCorr   .            (gloves unavailable)
SInv    +            (boots unavailable)
Will    .....        j - amulet of the acrobat
Stlth   ++           h - ring of protection from fire
HPRegen 0.23/turn    (no ring)
MPRegen 0.09/turn

%: acrobat
@: very quick
A: very small, no large weapons, unfitting armour, see invisible, speed 3
a: no special abilities


You were on level 3 of the Dungeon.
You visited 1 branch of the dungeon, and saw 3 of its levels.

You collected 87 gold pieces.


Innate Abilities, Weirdness & Mutations

You are very small and have problems with some larger weapons.
You are too small for most types of armour.
You have supernaturally acute eyesight. (SInv)
You cover ground extremely quickly. (Speed+++)


   Skills:
 - Level 1.5 Fighting
 - Level 5.0 Ranged Weapons
 + Level 4.8 Dodging
 - Level 1.5 Stealth


You had 3 spell levels left.
You didn't know any spells.
Your spell library was empty.

Inventory:

Hand Weapons
 a - a +0 shortbow (weapon)
Armour
 c - a +0 robe (worn)
Jewellery
 h - a ring of protection from fire (left hand)
 j - an amulet of the acrobat (around neck)
Scrolls
 b - a scroll of vulnerability {unknown}
Potions
 d - a potion of might {unknown}
 e - 2 potions of curing
 f - a potion of heal wounds

Dungeon Overview and Level Annotations

Branches:
Dungeon (3/15)

Altars:

Annotations:
D:3 Natasha


Message History

You shoot an arrow. The arrow closely misses the hobgoblin.
The hobgoblin completely misses you. The kobold hits you with a +0 dagger.
The hobgoblin misses you. The kobold completely misses you.
You shoot an arrow. The arrow closely misses the hobgoblin.
The hobgoblin completely misses you. The kobold hits you with a +0 dagger.
You shoot an arrow.
The arrow completely misses the hobgoblin.
The hobgoblin misses you. The kobold completely misses you.
You shoot an arrow.
The arrow hits the hobgoblin but does no damage.
The hobgoblin completely misses you. The kobold barely misses you.
You shoot an arrow. The arrow barely misses the hobgoblin.
Natasha, Servant of Life and Death comes into view.
The hobgoblin hits you. The kobold hits you with a +0 dagger.
You shoot an arrow.
Natasha hisses angrily.
The arrow hits the hobgoblin.
You kill the hobgoblin!
The kobold completely misses you. x2
You shoot an arrow. The arrow barely misses the kobold.
Natasha howls an incantation.
You feel troubled. The kobold closely misses you.
You shoot an arrow. The arrow hits the kobold.
You kill the kobold!
You shoot an arrow. The arrow closely misses Natasha.
Natasha claws you.
You shoot an arrow.
The arrow hits Natasha but does no damage.
Natasha claws you.
You shoot an arrow. The arrow barely misses Natasha.
Natasha misses you.
You shoot an arrow. The arrow hits Natasha.
Natasha is moderately wounded.
Natasha completely misses you.
You shoot an arrow. The arrow closely misses Natasha.
Natasha claws you.
The orc wizard points at you and mumbles some strange words.
The magic dart hits you!
You die...

#...# #[.......# #.#
#...# ##.#.###.# #.#
##.## #.#.###.#####.#
#)#####.#.>......##.#
#.......##.##.##.##.#
#.#...#.##.##.##.##.#
#................####
#.#...#.#..#####.#
#<#####@#........#
#......h).o#######
########...# #...#
#...# #...# ...# ...#


You could see an orc wizard (invisible) and Natasha.

Vanquished Creatures
  2 adders (D:2)
  A dart slug (D:2)
  2 ribbon worms (D:2)
  3 orcs (D:3)
  4 ball pythons
  3 endoplasms
  4 giant cockroaches
  4 goblins
  7 hobgoblins
  11 jackals
  2 quokkas (D:2)
  2 bats (D:1)
  A frilled lizard (D:3)
  3 kobolds
  7 rats
56 creatures vanquished.

Notes
Turn   | Place    | Note
-------+----------+-------------------------------------------
     0 | D:1      | qw the Spriggan Hunter began the quest for the Orb.
     0 | D:1      | Reached XP level 1. HP: 10/10 MP: 2/2
     0 | D:1      | 0 ||| qw: Version: 0.3-a-160-g6735b56
     0 | D:1      | 0 ||| qw: Game counter: 5760
     0 | D:1      | 0 ||| qw: Melee chars always use a shield: true
     0 | D:1      | 0 ||| qw: God list: Okawaru
     0 | D:1      | 0 ||| qw: Allow faded altars: false
     0 | D:1      | 0 ||| qw: Do Orc after clearing Dungeon:15 true
     0 | D:1      | 0 ||| qw: Do second Lair branch before Depths: true
     0 | D:1      | 0 ||| qw: Lair rune preference: random
     0 | D:1      | 0 ||| qw: Goals: Normal
     0 | D:1      | 0 ||| PLANNING D:1-11
    59 | D:1      | Reached skill level 3 in Dodging
   336 | D:1      | HP: 2/10 [frozen (5)]
   338 | D:1      | Reached XP level 2. HP: 3/14 MP: 3/3
   687 | D:1      | 687 ||| UPGRADING to amulet of the acrobat.
   692 | D:1      | 692 ||| UPGRADING to ring of protection from fire.
   693 | D:1      | 693 ||| READING scroll labelled MAYV BALOWK.
   694 | D:1      | 694 ||| READING scroll labelled DIDIAM HE VUUH.
   695 | D:1      | 695 ||| READING scroll labelled RIUMMOTHAIGO.
   696 | D:1      | 696 ||| DROPPING scroll of butterflies.
   698 | D:1      | 698 ||| Stepping ~*~*~tactically~*~*~ (cloud).
   704 | D:1      | HP: 3/14 [poisoned by you (poison gas)]
   706 | D:1      | HP: 1/14 [poisoned by you (poison gas)]
   876 | D:2      | Reached XP level 3. HP: 15/18 MP: 4/4
  1303 | D:2      | Reached skill level 5 in Ranged Weapons
  1492 | D:2      | Reached XP level 4. HP: 21/22 MP: 5/5
  1540 | D:2      | 1540 ||| FLEEEEING.
  1576 | D:2      | 1576 ||| DROPPING +6 ring of intelligence.
  1577 | D:2      | 1577 ||| READING 2 scrolls labelled EBLEOMETIU.
  1577 | D:2      | 1577 ||| IDENTIFYING smoky dark potion
  1578 | D:2      | 1578 ||| READING scroll of identify.
  1578 | D:2      | 1578 ||| IDENTIFYING 2 bubbling orange potions
  1579 | D:2      | 1579 ||| READING scroll labelled KOBANUCZON.
  1791 | D:3      | Noticed Natasha
  1799 | D:3      | HP: 5/22 [Natasha (6)]
  1799 | D:3      | Killed from afar by an orc wizard

Levels and vault maps discovered:
D:1:      heliophobic_arrival_battle_scene, layout_basic, st_stairs_4,
          minmay_misc_feat_columns
D:2:      layout_loops_ring, kennysheep_generic_room_16
D:3:      layout_loops_cross, chequers_temple_overflow_statue_of_worship,
          uniq_natasha, uniq_crazy_yiuf_cottage

Skill      XL: |  1  2  3 |
---------------+----------+-----
Dodging        | 3 4 |  4.8
Ranged Weapons | 5 |  5.0
Fighting       | |  1.5
Stealth        | |  1.5

Action                     |  1- 3 |  4- 6 || total
---------------------------+-------+-------++-------
   Fire: Shortbow          |   126 |    65 ||   191
    Use: Scroll            |     3 |     3 ||     6
 Armour: Robe              |    18 |    20 ||    38
  Dodge: Dodged            |    60 |    47 ||   107

Table legend:
 A = Non-vault XP
 B = Vault XP
 C = Vault XP percentage of total XP
 D = Non-vault monster count
 E = Vault monster count
 F = Vault count percentage of total count
                 A         B        C        D         E       F
            +---------+---------+-------+---------+---------+-------
      Total |     118 |      12 |   9.2 |      51 |       5 |   8.9
            +---------+---------+-------+---------+---------+-------
        D:1 |      25 |       3 |  10.7 |      14 |       2 |  12.5
        D:2 |      77 |       9 |  10.5 |      29 |       3 |   9.4
        D:3 |      16 |       0 |   0.0 |       8 |       0 |   0.0
            +---------+---------+-------+---------+---------+-------
